 Dungeon Crawl Stone Soup version 0.27-a0-1101-ge311f74bc8 (webtiles) character file.

Game seed: 11353923102478001922

113589 karrick the Eclecticist (level 16, -7/102 HPs)
             Began as a Djinni Fire Elementalist on Apr 28, 2021.
             Was the Champion of Okawaru.
             Mangled by a jumping spider (15 damage)
             ... on level 2 of the Spider Nest.
             The game lasted 02:19:53 (35534 turns).

karrick the Eclecticist (Djinni Fire Elementalist) Turns: 35534, Time: 02:19:54

Health: -7/102     AC: 13    Str: 12    XL:     16   Next: 63%
Gold:   2117       EV: 11    Int: 30    God:    Okawaru [******] SH:  0 Dex: 21

rFire    + + .     SeeInvis .   w - +8 quick blade of the King {freeze, rPois Int+3 Dex+3}
rCold    x . .     Faith    .   (no shield)
rNeg     . . .     Spirit   .   U - +0 troll leather armour
rPois    ∞         Reflect  .   r - +0 helmet
rElec    .         Harm     .   u - +2 cloak
rCorr    .         Rampage  .   J - +0 pair of gloves "Tioch" {Int+7 Dex+2}
Will     +++..                  (boots unavailable)
Stlth    +++.......             W - amulet of regeneration
HPRegen  2.27/turn              c - ring of the Mage {Wiz Will++ Int+3}
MPRegen  0.00/turn              L - +4 ring of protection

@: forested, corroded, flying, held
A: fire resistance 2, cold vulnerability 1, float, innate caster, hp casting,
extra vitality 1
a: Renounce Religion, Heroism, Finesse


You were on level 2 of the Spider Nest.
You worshipped Okawaru.
Okawaru was exalted by your worship.
You visited 5 branches of the dungeon, and saw 26 of its levels.
You also visited: Ossuary, Bailey, Gauntlet and Ice Cave.

You collected 3013 gold pieces.
You spent 896 gold pieces at shops.

Inventory:

Hand Weapons
 h - a +0 dagger
 w - the +8 quick blade of the King (weapon) {freeze, rPois Int+3 Dex+3}
   (Okawaru gifted it to you on level 1 of the Spider Nest)

   It has been specially enchanted to freeze those struck by it, causing extra
   injury to most foes and up to half again as much damage against particularly
   susceptible opponents.
   It can also slow down cold-blooded creatures.
   It affects your intelligence (+3).
   It affects your dexterity (+3).
   It protects you from poison.
 y - the +7 mace "Tukoz" {pain, rPois Will+ Dex+2 Stlth-}
   (You found it on level 5 of the Dungeon)

   In the hands of one skilled in necromantic magic, it inflicts extra damage on
   living creatures.
   It affects your dexterity (+2).
   It protects you from poison.
   It increases your willpower.
   It makes you less stealthy.
 T - the +9 war axe of Duaroq {venom, rPois Str-3 Dex+2 SInv}
   (You found it on level 1 of the Spider Nest)

   It poisons the flesh of those it strikes.
   It affects your strength (-3).
   It affects your dexterity (+2).
   It protects you from poison.
   It lets you see invisible.
 V - the +5 lajatang "Gauq" {flame, rN+ Int+4 Dex+3}
   (Okawaru gifted it to you on level 9 of the Dungeon)

   It has been specially enchanted to burn those struck by it, causing extra
   injury to most foes and up to half again as much damage against particularly
   susceptible opponents.
   Big, fiery blades are also staple armaments of hydra-hunters.
   It affects your intelligence (+4).
   It affects your dexterity (+3).
   It protects you from negative energy.
 Y - a +4 short sword of speed
Missiles
 O - 18 silver javelins
Armour
 n - a +2 pair of gloves
 r - a +0 helmet (worn)
 u - a +2 cloak (worn)
 J - the +0 pair of gloves "Tioch" (worn) {Int+7 Dex+2}
   (You bought it in a shop on level 1 of the Dungeon)

   It affects your intelligence (+7).
   It affects your dexterity (+2).
 P - +0 steam dragon scales
 Q - a +1 robe of resistance
 U - a +0 troll leather armour (worn)
Jewellery
 c - the ring of the Mage (left hand) {Wiz Will++ Int+3}
   (You took it off a frost giant in an ice cave)

   [ring of wizardry]

   It improves your spell success rate.
   It affects your intelligence (+3).
   It greatly increases your willpower.
 i - a ring of resist corrosion
 o - a +4 ring of evasion
 E - a +6 ring of strength
 L - a +4 ring of protection (right hand)
 W - an amulet of regeneration (around neck)
Wands
 d - a wand of digging (12)
 B - a wand of polymorph (6)
 H - a wand of iceblast (55)
 X - a wand of acid (27)
Scrolls
 a - a scroll of fear {unknown}
 f - 8 scrolls of enchant armour
 g - 3 scrolls of immolation
 m - 3 scrolls of brand weapon
 p - 7 scrolls of magic mapping
 s - a scroll of silence {unknown}
 t - 11 scrolls of teleportation
 x - 3 scrolls of fog {unknown}
 A - 5 scrolls of blinking {unknown}
 D - 3 scrolls of identify
 F - a scroll of summoning {unknown}
 G - 6 scrolls of enchant weapon
 I - 2 scrolls of vulnerability {unknown}
 R - a scroll of holy word {unknown}
 S - 2 scrolls of acquirement {unknown}
Potions
 b - 7 potions of curing
 e - 5 potions of brilliance
 j - 5 potions of lignification
 k - 2 potions of berserk rage
 l - a potion of invisibility
 q - 4 potions of attraction
 v - a potion of might
 z - 2 potions of haste
 C - 3 potions of mutation
 K - 4 potions of ambrosia
 M - a potion of experience
 N - 4 potions of heal wounds
 Z - 3 potions of cancellation {unknown}


   Skills:
 + Level 5.3 Fighting
 * Level 9.0 Short Blades
 * Level 13.4 Armour
 * Level 12.9 Dodging
 + Level 6.0 Stealth
 + Level 17.3 Spellcasting


You had 7 spell levels left.
You knew the following spells:

 Your Spells              Type           Power      Damage    Failure   Level
a - Foxfire               Conj/Fire      100%       2x1d9     0%          1
b - Conjure Flame         Conj/Fire      92%        6-21      0%          3
c - Inner Flame           Hex/Fire       92%        N/A       0%          3
d - Sticky Flame          Conj/Fire      92%        2d10      0%          4
e - Fireball              Conj/Fire      46%        3d18      1%          5
f - Freeze                Ice            100%       1d11      0%          1
g - Poisonous Vapours     Pois/Air       100%       N/A       0%          2
h - Teleport Other        Tloc           92%        N/A       0%          3
i - Airstrike             Air            46%        N/A       0%          4
j - Summon Forest         Summ/Tloc      46%        N/A       1%          5
k - Irradiate             Conj/Tmut      46%        3d29      1%          5
l - Iron Shot             Conj/Erth      46%        9d9       1%          6
Your spell library was empty.

Dungeon Overview and Level Annotations

Branches:
Dungeon (15/15)            Temple (1/1) D:4            Lair (6/6) D:10
  Swamp (0/4) Lair:4       Spider (2/4) Lair:2        Slime (0/5) Lair:5
    Orc (2/2) D:11            Elf (0/3) Orc:2        Vaults (0/5) D:14
 Depths (0/5) D:15        Ossuary (visited)          Bailey (visited)
  IceCv (visited)         Gauntlet (visited)

Altars:
Ashenzari
Cheibriados
Dithmenos
Elyvilon
Fedhas
Gozag
Hepliaklqana
Kikubaaqudgha
Makhleb
Nemelex Xobeh
Okawaru
Qazlal
Ru
Sif Muna
Trog
Uskayaw
Vehumet
Wu Jian
Xom
Yredelemnul
Zin
The Shining One
Beogh
Jiyva

Shops:
D:1 *![   D:6 =?*!*   D:8 *   Orc:1 :   Orc:2 ((*[[

Annotations:
D:12 Azrael


Innate Abilities, Weirdness & Mutations

You are immune to poison.
Your flesh is very heat resistant. (rF++)
You are vulnerable to cold. (rC-)
You float through the air rather than walking.
You learn spells naturally, not from books.
Your magical power is your life essence.
You have superior vitality. (+4 HP)


Message History

The jumping spider pounces on you.
You are caught in a web!
The jumping spider bites you but does no damage.
The entropy weaver gestures at you while chanting.
The entropic weave corrodes you!
There is a stone staircase leading up here.
Unknown command.
Okay, then.
Casting: Fireball (safe; 1% risk of failure)
Confirm with . or Enter, or press ? or * to list all spells.
A forested plane collides here with a resounding crunch!
Your dryad calls out to the forest.
The forest starts to sway and rumble!
You hear a shout!
The redback bites you!
The jumping spider leaps!
The wolf spider hits you but does no damage.
The wolf spider bites you! The redback bites you!
The jumping spider pounces on you. The jumping spider closely misses you.
The redback bites you!
Unknown command.
Unknown command.
Unknown command.
You feel much better.
A root lunges up near the jumping spider.
A root smacks the redback from below!
The wolf spider hits you! The wolf spider misses you.
The redback barely misses you.
The jumping spider barely misses you. x2; The redback completely misses you.
The entropy weaver hits you!
The entropy weaver hits you but does no damage.
The entropy weaver hits you.
* * * LOW HITPOINT WARNING * * *
The entropy weaver hits you.
* * * LOW HITPOINT WARNING * * *
The wolf spider hits you!
* * * LOW HITPOINT WARNING * * *
The wolf spider bites you.
* * * LOW HITPOINT WARNING * * *
The redback bites you.
* * * LOW HITPOINT WARNING * * *
The jumping spider pounces on you!
You die...

.................
.♣...♣................
.....♣....†.....†.....
....♣.[......s........
.♣.........♣..........
............††.†......
.♣.....♣.R..♣†<.......
....^♣................
......s@B.............
..♣...sss.............
......................
.♣..s......♣..........
.....♣......≈≈≈.......
..♣......○...≈.^.....^
......♣.....≈≈≈
.......♣...♣≈^≈


You could see an entropy weaver (ally target), a wolf spider, 2 jumping spiders,
3 redbacks and a friendly dryad (summoned).

Vanquished Creatures
  Kirke (D:15)
  An orc warlord (Orc:1)
  A frost giant (IceCv)
  A stone giant (D:15)
  Nessos (D:13)
  A minotaur (Gauntlet)
  A spark wasp (Spider:1)
  10 hydras
  Erolcha (D:11)
  An ogre mage (Orc:2)
  A boulder beetle (Spider:1)
  6 centaur warriors
  11 two-headed ogres
  A death knight (D:15)
  A death yak (IceCv)
  An orc high priest (Orc:1)
  A hell knight (D:15)
  Nergalle (D:12)
  3 deep trolls
  2 wizards
  4 deep elf pyromancers
  An orc knight (Bailey)
  5 orb spiders (Spider:1)
  10 wolf spiders
  4 cyclopes
  A slime creature (D:14)
  Maurice (D:9)
  7 manticores
  5 elephants
  2 black mambas
  Joseph (D:10)
  A torpor snail (Lair:6)
  Maggie (D:10)
  An ice statue (IceCv)
  19 cane toads
  3 rime drakes
  An unseen horror (D:12)
  A freezing wraith (D:15)
  9 komodo dragons
  An efreet (D:13)
  4 yaktaurs (D:15)
  2 demonic crawlers
  2 ice devils (D:11)
  A tengu conjurer (D:15)
  3 meliai (D:14)
  8 jumping spiders
  7 hornets
  A queen bee (Lair:2)
  4 trolls
  2 tyrant leeches (Lair:6)
  16 polar bears
  20 blink frogs
  12 redbacks
  A wraith (D:9)
  3 shadows
  A hog (D:15)
  4 wyverns
  42 yaks
  4 tarantellas
  5 basilisks
  A vampire (D:14)
  3 steam dragons
  Grum (D:7)
  Menkaure (D:4)
  12 vampire mosquitoes
  Edmund (D:5)
  A warg (Orc:1)
  2 swamp worms (Lair:6)
  An acid dragon (D:13)
  9 water moccasins
  A hornet zombie (D:9)
  Purgy (D:4)
  4 black bears
  A meliai simulacrum (D:15)
  A necrophage (D:6)
  29 orc warriors
  3 boggarts (D:15)
  21 wolves
  15 ogres
  7 centaurs
  2 phantoms
  3 kobold brigands
  Blork the orc (D:6)
  21 bullfrogs
  4 scorpions
  An elf zombie (Ossuary)
  A wyvern zombie (D:6)
  2 gnoll sergeants
  2 wyvern skeletons
  A water moccasin skeleton (D:7)
  39 killer bees
  8 wights
  3 howler monkeys
  5 electric eels
  4 centaur zombies
  2 human zombies (Ossuary)
  2 jellies
  A centaur skeleton (D:4)
  5 hounds
  6 orc priests
  A gnoll shaman (D:7)
  Terence (D:3)
  A bullfrog skeleton (D:5)
  2 iguanas
  19 orc wizards
  2 mummies (Ossuary)
  Robin (D:4)
  14 gnolls
  16 adders
  3 shadow imps
  2 white imps
  An adder skeleton (D:5)
  3 adder zombies (Ossuary)
  A dart slug (D:3)
  68 orcs
  5 endoplasms
  2 giant cockroaches
  23 goblins
  6 hobgoblins
  13 jackals
  10 quokkas
  2 ball pythons
  4 bats
  4 frilled lizards
  12 hobgoblin zombies (Ossuary)
  3 jackal zombies (Ossuary)
  20 kobolds
  10 kobold zombies (Ossuary)
  5 orc zombies (Ossuary)
  A bush (Lair:5)
750 creatures vanquished.

Vanquished Creatures (collateral kills)
  Jorgrun (D:12)
  Josephine (Orc:1)
  Fannar (Orc:1)
  4 hydras
  2 boulder beetles
  An ogre mage (Orc:2)
  A centaur warrior (D:15)
  2 two-headed ogres (Orc:2)
  A deep troll (Orc:1)
  A wizard (Gauntlet)
  An orb spider (Spider:1)
  A cyclops (D:15)
  3 elephants
  A gargoyle (D:12)
  A torpor snail (Lair:6)
  6 cane toads
  2 yaktaurs (D:15)
  5 komodo dragons
  2 jumping spiders (Spider:1)
  2 tyrant leeches (Lair:6)
  5 trolls
  3 slime creatures (D:14)
  19 blink frogs
  2 tarantellas (Spider:1)
  2 shadows (Gauntlet)
  4 wraiths (Orc:1)
  A wyvern (Lair:5)
  A basilisk (Lair:4)
  13 yaks
  A vampire mosquito (Lair:6)
  2 hogs (D:15)
  A swamp worm (Lair:6)
  4 water moccasins
  5 orc warriors (Orc:1)
  11 wolves
  9 ogres
  5 centaurs
  3 bullfrogs
  An electric eel (Lair:6)
  A howler monkey (D:14)
  An orc priest (Orc:1)
  A gnoll shaman (Orc:1)
  An orc wizard (Orc:1)
  3 gnolls (Orc:1)
  2 shadow imps (Gauntlet)
  3 white imps (Gauntlet)
  10 orcs (Orc:1)
  A bush (Lair:6)
  21 foxfires
175 creatures vanquished.

Vanquished Creatures (others)
  A wizard (Gauntlet)
  2 polar bears (IceCv)
  A yak (IceCv)
  6 wolves (IceCv)
  An orc (D:12)
  2971 foxfires
  55 fungi
  169 plants
  9 snaplasher vines
3215 creatures vanquished.

Grand Total: 4140 creatures vanquished

Notes
Turn   | Place    | Note
-------+----------+-------------------------------------------
     0 | D:1      | karrick the Djinni Fire Elementalist began the quest for
                  | the Orb.
     0 | D:1      | Reached XP level 1. HP: 15/15 MP: 0/0
   268 | D:1      | Found Keri's Distillery.
   457 | D:1      | Reached skill level 3 in Spellcasting
   530 | D:1      | Found a faded altar of an unknown god.
   534 | D:1      | Reached XP level 2. HP: 19/21 MP: 0/0
   591 | D:1      | Found Ibusiej's General Store.
   935 | D:1      | Found Zax Puenwamm's Antique Armour Shoppe.
  1397 | D:2      | Reached XP level 3. HP: 20/25 MP: 0/0
  1397 | D:2      | Learned a level 1 spell: Freeze
  2184 | D:2      | Reached XP level 4. HP: 15/31 MP: 0/0
  2592 | D:2      | Reached skill level 4 in Spellcasting
  3050 | D:3      | Noticed Terence
  3059 | D:3      | Killed Terence
  3060 | D:3      | Reached XP level 5. HP: 25/35 MP: 0/0
  3060 | D:3      | Learned a level 2 spell: Poisonous Vapours
  3275 | D:3      | Noticed an orc warrior
  3401 | D:3      | Noticed an ogre
  3407 | D:3      | Killed an ogre
  3603 | D:3      | Reached XP level 6. HP: 30/40 MP: 0/0
  3814 | D:4      | Noticed Robin
  3819 | D:4      | Killed Robin
  3820 | D:4      | Reached skill level 5 in Spellcasting
  4031 | D:4      | Noticed Menkaure
  4048 | D:4      | Found a staircase to the Ecumenical Temple.
  4057 | Temple   | Entered the Ecumenical Temple
  4255 | Temple   | Became a worshipper of Warmaster Okawaru
  4282 | D:5      | Entered Level 5 of the Dungeon
  5168 | D:4      | Noticed Purgy
  5178 | D:4      | Killed Purgy
  5179 | D:4      | Reached XP level 7. HP: 39/45 MP: 0/0
  5179 | D:4      | Learned a level 3 spell: Teleport Other
  5482 | D:4      | Reached skill level 6 in Spellcasting
  5786 | D:4      | Killed Menkaure
  5786 | D:4      | Reached * piety under Okawaru
  5962 | D:5      | Reached XP level 8. HP: 27/51 MP: 0/0
  5975 | D:5      | Reached skill level 1 in Fighting
  5975 | D:5      | Reached skill level 7 in Spellcasting
  6260 | D:5      | Reached ** piety under Okawaru
  6569 | D:5      | Identified the +7 mace "Tukoz" {pain, rPois Will+ Dex+2
                  | Stlth-}
  6948 | D:5      | Noticed Edmund
  6974 | D:5      | HP: 2/52 [Edmund/+3 flail of protection (2)]
  7000 | D:5      | Killed Edmund
  7431 | D:5      | Reached skill level 8 in Spellcasting
  7644 | D:6      | Found Idihown's Distillery.
  7816 | D:6      | Reached skill level 1 in Short Blades
  7832 | D:6      | Found a sand-covered staircase.
  7947 | Ossuary  | Entered an ossuary
  7991 | Ossuary  | Reached XP level 9. HP: 53/58 MP: 0/0
  7991 | Ossuary  | Learned a level 4 spell: Airstrike
  8895 | D:6      | Found Itupuxzi's General Store.
  8897 | D:6      | Noticed Blork the orc
  8907 | D:6      | Killed Blork the orc
  8968 | D:6      | Found Focvepays's Assorted Antiques.
  8973 | D:6      | Bought a scroll labelled FAHIZXAQAI for 23 gold pieces
  8973 | D:6      | Bought a scroll labelled OSHUES UMASK for 23 gold pieces
  9323 | D:6      | Found Bacusoemn's Magic Scroll Emporium.
  9377 | D:6      | Reached skill level 9 in Spellcasting
  9387 | D:6      | Reached *** piety under Okawaru
  9731 | D:6      | Found Byetiaz's Jewellery Boutique.
 10558 | D:1      | Bought a pair of ichor-stained gloves for 237 gold pieces
 10558 | D:1      | Identified the +0 pair of gloves "Tioch" {Int+7 Dex+2} (You
                  | bought it in a shop on level 1 of the Dungeon)
 10712 | D:6      | Bought a scroll of magic mapping for 38 gold pieces
 10910 | D:7      | Found a flagged portal.
 10914 | D:7      | Noticed a two-headed ogre
 10919 | Bailey   | Entered a bailey
 11148 | Bailey   | Reached skill level 5 in Dodging
 11448 | Bailey   | Reached skill level 10 in Spellcasting
 11633 | Bailey   | Reached **** piety under Okawaru
 11932 | Bailey   | Reached XP level 10. HP: 37/65 MP: 0/0
 12584 | Bailey   | Noticed an orc knight
 12710 | Bailey   | Killed an orc knight
 12787 | Bailey   | Identified the +12 bardiche of Bahae {vamp, Fragile rF+
                  | Str+4}
 12801 | D:8      | Noticed Grum
 12802 | D:8      | Found Itrite's General Store.
 13273 | D:7      | Reached skill level 11 in Spellcasting
 14140 | D:7      | Killed Grum
 14541 | D:8      | Reached skill level 1 in Armour
 15003 | D:8      | Reached ***** piety under Okawaru
 15493 | D:8      | Bought a scroll of teleportation for 36 gold pieces
 15899 | D:9      | Noticed Maurice
 15905 | D:8      | Reached XP level 11. HP: 68/71 MP: 0/0
 15905 | D:8      | Learned a level 5 spell: Summon Forest
 16709 | D:9      | Reached skill level 12 in Spellcasting
 17479 | D:9      | Noticed a two-headed ogre
 17487 | D:9      | Killed a two-headed ogre
 17487 | D:9      | Identified the +5 lajatang "Gauq" {flame, rN+ Int+4 Dex+3}
                  | (Okawaru gifted it to you on level 9 of the Dungeon)
 17487 | D:9      | Received a gift from Okawaru
 17488 | D:9      | Reached skill level 5 in Armour
 17767 | D:9      | Found a hide-covered altar of Uskayaw.
 17770 | D:9      | Found a snail-covered altar of Cheibriados.
 17771 | D:9      | Found a glowing golden altar of the Shining One.
 17771 | D:9      | Found a sacrificial altar of Ru.
 17773 | D:9      | Found a burning altar of Makhleb.
 17778 | D:9      | Found an opulent altar of Gozag.
 18027 | D:9      | Killed Maurice
 18548 | D:10     | Entered Level 10 of the Dungeon
 18583 | D:10     | Noticed a fire dragon
 18851 | D:11     | Found a frozen archway.
 18869 | IceCv    | Entered an ice cave
 18916 | IceCv    | Received a gift from Okawaru
 20021 | IceCv    | Received a gift from Okawaru
 20341 | IceCv    | Reached skill level 5 in Stealth
 20562 | IceCv    | Reached XP level 12. HP: 42/78 MP: 0/0
 21090 | IceCv    | Noticed a death yak
 21143 | IceCv    | Killed a death yak
 21905 | IceCv    | Noticed a frost giant
 21910 | IceCv    | Killed a frost giant
 21910 | IceCv    | Reached ****** piety under Okawaru
 21911 | IceCv    | Reached skill level 13 in Spellcasting
 22215 | IceCv    | Identified the Guide on the Glacier
 22517 | D:11     | Noticed Erolcha
 22528 | D:11     | Killed Erolcha
 22538 | D:11     | Noticed a boulder beetle
 22929 | D:6      | Bought an amulet of regeneration for 390 gold pieces
 22977 | D:7      | Killed a two-headed ogre
 23289 | D:11     | Killed a boulder beetle
 23289 | D:11     | Received a gift from Okawaru
 23511 | D:11     | Found a staircase to the Orcish Mines.
 23744 | Orc:1    | Entered Level 1 of the Orcish Mines
 23780 | Orc:1    | Noticed Fannar
 23780 | Orc:1    | Noticed Josephine
 23789 | Orc:1    | Killed Fannar
 23790 | Orc:1    | Killed Josephine
 23791 | Orc:1    | Reached XP level 13. HP: 80/84 MP: 0/0
 23791 | Orc:1    | Learned a level 5 spell: Irradiate
 23931 | Orc:2    | Entered Level 2 of the Orcish Mines
 23932 | Orc:2    | Found Kesic's Assorted Antiques.
 24046 | D:12     | Noticed Nergalle
 24050 | D:12     | Killed Nergalle
 24051 | D:12     | Reached skill level 5 in Short Blades
 24056 | D:12     | Noticed Jorgrun
 24093 | D:12     | Killed Jorgrun
 24095 | D:12     | Reached skill level 14 in Spellcasting
 24319 | D:12     | Reached skill level 10 in Armour
 24319 | D:12     | Reached skill level 10 in Dodging
 24360 | D:12     | Noticed Azrael
 24439 | D:10     | Noticed Joseph
 24444 | D:10     | Killed Joseph
 24636 | D:10     | Found a staircase to the Lair.
 24654 | Lair:1   | Entered Level 1 of the Lair of Beasts
 25193 | Lair:2   | Received a gift from Okawaru
 25326 | Lair:2   | Found a hole to the Spider Nest.
 26022 | Lair:3   | Reached XP level 14. HP: 86/90 MP: 0/0
 26045 | Lair:3   | Received a gift from Okawaru
 27055 | Lair:4   | Found a stormy altar of Qazlal.
 27456 | Lair:4   | Found a staircase to the Swamp.
 27710 | Lair:5   | Reached skill level 15 in Spellcasting
 27727 | Lair:5   | Found a staircase to the Slime Pits.
 27727 | Lair:5   | Found a viscous altar of Jiyva.
 27974 | Lair:5   | Received a gift from Okawaru
 28585 | Lair:6   | Entered Level 6 of the Lair of Beasts
 29146 | Lair:6   | Reached XP level 15. HP: 95/95 MP: 0/0
 29146 | Lair:6   | Learned a level 6 spell: Iron Shot
 29225 | Lair:6   | Received a gift from Okawaru
 29950 | D:10     | Noticed Maggie
 29953 | D:10     | Killed Maggie
 30340 | D:13     | Noticed Nessos
 30459 | D:13     | Killed Nessos
 30825 | D:13     | You are sucked into a shaft and drop 2 floors!
 30825 | D:15     | Entered Level 15 of the Dungeon
 30825 | D:15     | Found a gate leading to a gauntlet.
 30845 | Gauntlet | Entered a Gauntlet
 30845 | Gauntlet | Found a transporter.
 30917 | Gauntlet | Found a transporter.
 30932 | Gauntlet | Found a transporter.
 30937 | Gauntlet | Found a transporter.
 30956 | Gauntlet | Found a transporter.
 30974 | Gauntlet | Found a transporter.
 30986 | Gauntlet | Found a transporter.
 30998 | Gauntlet | Found a transporter.
 31004 | Gauntlet | Found a transporter.
 31004 | Gauntlet | Found a transporter.
 31019 | Gauntlet | Found a transporter.
 31031 | Gauntlet | Found a transporter.
 31048 | Gauntlet | Found a transporter.
 31066 | Gauntlet | Found a transporter.
 31068 | Gauntlet | Found a transporter.
 31096 | Gauntlet | Found a transporter.
 31098 | Gauntlet | Found a transporter.
 31118 | Gauntlet | Found a transporter.
 31562 | Gauntlet | Identified Piongikk's Compendium of the Earthen Glacier
 31697 | D:15     | Received a gift from Okawaru
 31901 | D:15     | Reached skill level 16 in Spellcasting
 32229 | D:15     | Reached skill level 5 in Fighting
 32380 | D:15     | Noticed Kirke
 32386 | D:15     | Killed Kirke
 32458 | D:15     | Found a staircase to the Depths.
 32715 | D:14     | Found a gate to the Vaults.
 32926 | D:14     | Identified the +6 quarterstaff of Action {venom, rC+ Dex+2}
                  | (Okawaru gifted it to you on level 14 of the Dungeon)
 32926 | D:14     | Received a gift from Okawaru
 33499 | Orc:2    | Reached XP level 16. HP: 96/102 MP: 0/0
 33518 | Orc:2    | Found Gut Jex's Armour Shop.
 33562 | Orc:2    | Found a staircase to the Elven Halls.
 33620 | Orc:2    | Received a gift from Okawaru
 33709 | Orc:2    | Found Zeysm's Weapon Emporium.
 33712 | Orc:2    | Found Vir Nov's Antique Armour Boutique.
 33714 | Orc:2    | Bought a fizzy golden potion for 30 gold pieces
 33714 | Orc:2    | Bought a scroll of magic mapping for 119 gold pieces
 33722 | Orc:2    | Found Emmah's Antique Weapon Shoppe.
 34187 | Orc:1    | Found Opug's Book Shop.
 34791 | Spider:1 | Entered Level 1 of the Spider Nest
 34797 | Spider:1 | Reached skill level 17 in Spellcasting
 35120 | Spider:1 | Identified the +8 quick blade of the King {freeze, rPois
                  | Int+3 Dex+3} (Okawaru gifted it to you on level 1 of the
                  | Spider Nest)
 35120 | Spider:1 | Received a gift from Okawaru
 35263 | Spider:1 | Identified the +9 war axe of Duaroq {venom, rPois Str-3
                  | Dex+2 SInv}
 35534 | Spider:2 | Mangled by a jumping spider

Illustrated notes

Levels and vault maps discovered:
D:1:      erik_arrival_blinker_ship, layout_basic, serial_shops,
          nicolae_shop_behind_doors, nicolae_shop_stone, shop,
          ebering_ecumenical_altar_hall, hex_intersection
D:2:      layout_basic, basic_altar, kennysheep_cross_room, minmay_pentomino_o4
D:3:      wad_woods_tower, layout_loops_ring, uniq_terence
D:4:      layout_loops_ring, minmay_temple_entry_poolview, kennysheep_path_1,
          kennysheep_generic_room_13, uniq_purgy, uniq_robin, uniq_menkaure
D:5:      layout_basic, minmay_pentangle, uniq_edmund
D:6:      minmay_evil_eye, layout_loops_corners, enter_ossuary_5, serial_shops,
          shop, shop, shop, shop, shop, uniq_blork_the_orc
D:7:      layout_basic, enter_bailey_5, kb_rosetta
D:8:      layout_cave_pools, serial_shops, nicolae_shop_stone,
          lemuel_old_faithful, uniq_grum
D:9:      layout_small_grid, minitemple, evilmike_butchery, uniq_maurice
D:10:     layout_roguey, minmay_lair_entry_lava, uniq_maggie, uniq_joseph
D:11:     layout_cave_pools, erik_orc_2, portal_ice_cave_demonic_guard,
          uniq_erolcha
D:12:     layout_loops_ring, minmay_rotating_lava, uniq_nergalle, uniq_azrael,
          uniq_jorgrun, uniq_snorg
D:13:     layout_roguey, uniq_nessos
D:14:     layout_roguey, david_vaults_1, serial_bayou_pond_e
D:15:     hangedman_depths_entry_civil_slaughter, layout_stronghold,
          grunt_decor_cap, gauntlet_entry_generic,
          chequers_serial_rivers_large_a, uniq_kirke
Temple:   eino_temple_scatter_basement
Lair:1:   layout_big_grid, fungi_pond_lemuel, grunt_megastairs_1
Lair:2:   layout_loops_ring, spider_nest_entry_webs, special_room
          [special_room_bee], st_stairs_8
Lair:3:   layout_misc_corridors
Lair:4:   layout_regular_city, palyth_hydra_swamp_entry, basic_altar,
          grunt_megastairs_3
Lair:5:   layout_roguey, slime_altar_1, serial_bayou_shore_a, grunt_megastairs_5
Lair:6:   minmay_lair_end_frog_pond, layout_regular_city, worms_lemuel
Spider:1: layout_spider_delve, guppyfry_hornet_nest
Spider:2: layout_spider_delve
Orc:1:    layout_caves, serial_shops, nicolae_shop_stone, mines1_david,
          uniq_fannar, uniq_josephine
Orc:2:    st_orc_open, layout_caves, serial_shops, shop

Skill      XL: |  1  2  3  4  5  6  7  8  9 10 11 12 13 14 15 16 |
---------------+-------------------------------------------------+-----
Spellcasting   | 3 4 5 6 8 10 11 12 13 14 15 16 17 | 17.3
Dodging        | 3 4 5 6 8 9 10 11 12 | 12.9
Stealth        | 2 3 4 5 6 |  6.0
Fighting       | 1 2 3 4 5 |  5.3
Short Blades   | 1 4 6 7 8 9 |  9.0
Armour         | 4 7 9 11 12 13 | 13.4

Action                   |  1- 3 |  4- 6 |  7- 9 | 10-12 | 13-15 | 16-18 || total
-------------------------+-------+-------+-------+-------+-------+-------++-------
Melee: Dagger            |       |       |    18 |     2 |       |       ||    20
       Short sword       |       |       |       |   112 |   131 |    34 ||   277
       Quick blade       |       |       |       |       |       |    18 ||    18
 Cast: Foxfire           |    71 |   158 |   432 |   601 |   424 |    81 ||  1767
       Teleport Other    |       |       |     1 |    11 |    10 |     5 ||    27
       Fireball          |       |       |       |    81 |   236 |    77 ||   394
       Summon Forest     |       |       |       |     4 |    41 |     7 ||    52
       Sticky Flame      |       |       |       |     1 |       |       ||     1
       Irradiate         |       |       |       |       |     8 |     9 ||    17
       Iron Shot         |       |       |       |       |    29 |    19 ||    48
  Use: Scroll            |       |       |     7 |       |    15 |       ||    22
       Potion            |       |       |     4 |     5 |       |     1 ||    10
 Stab: Distracted        |       |       |       |       |     6 |       ||     6
       Sleeping          |       |       |       |       |       |     1 ||     1
Armor: Robe              |     3 |    13 |    16 |    60 |       |       ||    92
       Skin              |       |       |     5 |    22 |       |       ||    27
       Steam dragon scal |       |       |       |    64 |   151 |       ||   215
       Troll leather arm |       |       |       |       |    14 |    67 ||    81
Dodge: Dodged            |     7 |    28 |    85 |   535 |   452 |   192 ||  1299

Table legend: (Time is in decaauts)
 A = Elapsed time spent in this place.
 B = Non-inter-level travel time spent in this place.
 C = Inter-level travel time spent in this place.
 D = Time resting spent in this place.
 E = Time spent auto-exploring this place.
 F = Levels seen in this place.
 G = Mean time per level.
                   A        B        C        D        E       F      G
               +--------+--------+--------+--------+--------+-----+--------+
         Total |  35544 |  33797 |   1747 |   6317 |  19719 |  30 | 1184.8 |
       Dungeon |  21072 |  19879 |   1193 |   3369 |  12511 |  15 | 1404.8 |
        Temple |    208 |    176 |     32 |      0 |    174 |   1 |  208.0 |
          Lair |   5391 |   4997 |    394 |      0 |   3853 |   6 |  898.5 |
   Spider Nest |    614 |    600 |     14 |      5 |    385 |   2 |  307.0 |
  Orcish Mines |   1534 |   1420 |    114 |     35 |    977 |   2 |  767.0 |
       Ossuary |    675 |    675 |      0 |      0 |    504 |   1 |  675.0 |
        Bailey |   1877 |   1877 |      0 |    757 |    600 |   1 | 1877.0 |
      Ice Cave |   3451 |   3451 |      0 |   2134 |    328 |   1 | 3451.0 |
      Gauntlet |    718 |    718 |      0 |     17 |    387 |   1 |  718.0 |
               +--------+--------+--------+--------+--------+-----+--------+

Top non-repeatable levels by time:
   IceCv: 3451 daAuts
     D:7: 2944 daAuts
     D:6: 2006 daAuts
     D:5: 1911 daAuts
  Bailey: 1877 daAuts
     D:3: 1787 daAuts
     D:2: 1684 daAuts
     D:8: 1662 daAuts
     D:9: 1578 daAuts
     D:4: 1396 daAuts
  Lair:6: 1223 daAuts
     D:1: 1155 daAuts
    D:15: 1134 daAuts
    D:11: 1089 daAuts
    D:10: 1004 daAuts
